 Dungeon Crawl Stone Soup version 0.30.0-5-g1a98f26d00 (webtiles) character file.

Game seed: 4157476019291931584

564 thromnambular the Ducker (level 7, 0/44 HPs)
             Began as a Kobold Wanderer on May 11, 2023.
             Was a Believer of Makhleb.
             Slain by an orc warrior
             ... wielding a +0 war axe
              (4 damage)
             ... on level 6 of the Dungeon on May 12, 2023.
             The game lasted 00:31:23 (6299 turns).

thromnambular the Ducker (Kobold Wanderer)          Turns: 6299, Time: 00:31:23

Health: 0/44       AC:  6    Str:  6    XL:     7   Next: 58%
Magic:  2/3        EV: 17    Int: 22    God:    Makhleb [**....]
Gold:   26         SH:  0    Dex: 17    Spells: 2/10 levels left

rFire   . . .        h - +2 dagger of Agony {antimagic, Int+4 Dex+2 Stlth-}
rCold   . . .        (no shield)
rNeg    . . .        c - +0 robe
rPois   .            d - +1 helmet
rElec   .            (no cloak)
rCorr   .            (no gloves)
SInv    +            (no boots)
Will    .....        (no amulet)
Stlth   ++           f - ring of flight
HPRegen 0.27/turn    o - ring of see invisible
MPRegen 0.08/turn

%: no passive effects
@: flying
A: small, no large weapons, nightstalker 3, iridescent scales 1, low MP 1,
evolution 1
a: Renounce Religion, Minor Destruction


You were on level 6 of the Dungeon.
You worshipped Makhleb.
Makhleb was pleased with you.
You visited 2 branches of the dungeon, and saw 7 of its levels.

You collected 236 gold pieces.
You spent 210 gold pieces at shops.

Inventory:

Hand Weapons
 a - a +0 dagger
 h - the +2 dagger of Agony (weapon) {antimagic, Int+4 Dex+2 Stlth-}
   (You bought it in a shop on level 4 of the Dungeon)

   Int:       It affects your intelligence (+4).
   Dex:       It affects your dexterity (+2).
   Stlth:     It makes you less stealthy.
Missiles
 l - 5 atropa-tipped darts
Armour
 c - a +0 robe (worn)
 d - a +1 helmet (worn)
 q - an orb of energy
Jewellery
 f - a ring of flight (left hand)
 o - a ring of see invisible (right hand)
Scrolls
 e - a scroll of blinking
 m - a scroll of fog
 n - a scroll of enchant weapon {unknown}
 p - a scroll of magic mapping {unknown}
Potions
 b - a potion of cancellation
 g - a potion of magic
 i - a potion of brilliance {unknown}
 k - 2 potions of attraction


   Skills:
 + Level 4.3 Fighting
 - Level 2.7 Short Blades
 + Level 5.4 Dodging
 - Level 2.9 Stealth
 - Level 2.1 Spellcasting
 + Level 2.5 Translocations
 - Level 3.0 Transmutations
 - Level 2.7 Air Magic
 - Level 1.2 Evocations


You had 2 spell levels left.
You knew the following spells:

 Your Spells              Type           Power      Damage    Failure   Level
a - Shock                 Conj/Air       32%        1d5       8%          1
b - Static Discharge      Conj/Air       16%        2-3/arc   12%         2
c - Sting                 Tmut/Pois      32%        1d4       8%          1
d - Apportation           Tloc           26%        N/A       4%          1
e - Vhi's Electric Charg  Tloc/Air       26%        N/A       14%         3

Your spell library contained the following spells:

 Spells                   Type           Power      Damage    Failure   Level
 Ignite Poison            Fire/Tmut/Pois 6%         N/A       26%         3
 Alistair's Intoxication  Tmut/Pois      5%         N/A       90%         5


Dungeon Overview and Level Annotations

Branches:
Dungeon (6/15)             Temple (1/1) D:6

Altars:
Cheibriados
Dithmenos
Elyvilon
Gozag
Hepliaklqana
Makhleb
Nemelex Xobeh
Okawaru
Qazlal
Ru
Sif Muna
Trog
Uskayaw
Vehumet
Yredelemnul
Zin

Shops:
D:4 (   D:6 [

Annotations:
D:2 1 runed translucent door, Crazy Yiuf, Terence
D:6 exclusion: 2 kobold demonologists


Innate Abilities, Weirdness & Mutations

You are small and have problems with some larger weapons.
You are completely attuned to the shadows.
You are partially covered in iridescent scales. (AC +2)
Your magical capacity is low. (-10% MP)
You have hidden genetic potential.


Message History

You feel sick. The orc warrior barely misses you.
You hit the orc warrior but do no damage.
The orc warrior is lightly wounded.
You feel sick. The orc warrior barely misses you.
You closely miss the orc warrior.
The orc warrior is lightly wounded.
You feel sick. The orc warrior barely misses you.
You closely miss the orc warrior.
The orc warrior is lightly wounded.
You feel sick.
You hit the orc warrior but do no damage.
The orc warrior is lightly wounded.
You feel sick.
The orc warrior hits you with a +0 war axe!
Casting: Sting (safe; 8% risk of failure)
Confirm with . or Enter, or press ? or * to list all spells.
Aiming: Sting (safe; 8% risk of failure)
Press: ? - help, Shift-Dir - straight line, f - orc warrior
Aim: an orc warrior, wielding a +0 war axe, wearing a +0 chain mail and quivering boomerangs (lightly wounded, 64% to hit)
The sting hits the orc warrior but does no damage.
The orc warrior is poisoned.
The orc warrior is lightly wounded.
You feel sick.
You are no longer poisoned.
The orc warrior hits you with a +0 war axe!
* * * LOW HITPOINT WARNING * * *
The orc warrior attacks as you move away!
The orc warrior hits you with a +0 war axe.
* * * LOW HITPOINT WARNING * * *
The orc warrior throws a boomerang.
The boomerang closely misses you.
You barely miss the orc.
The orc shouts!
The orc completely misses you.
The orc warrior attacks as you move away!
The orc warrior hits you with a +0 war axe.
* * * LOW HITPOINT WARNING * * *
The orc misses you.
The orc warrior attacks as you move away!
The orc warrior hits you with a +0 war axe.
You die...

#............### #...
####.#########.##
#######.## oh...# #.#
#........# ####.# #.#
##.....#... #.# #)#
#.......... #.#
#.########......#...
##.#
#...............#..#
#..#
#..######.#######..#
##.##########..@o..)...#
#..#
#.........o....o#####..#
#.. #..###########..#
#..# #..# #..# #..# #..#
#... #..# #..# #..# ##.#
#..######### #..# #..#
#. #.<........# #..#
#... K[
#.O#######.####<# ###
#.o# #.....##.##


You could see an orc warrior (poisoned) and an orc.

Vanquished Creatures
  A water moccasin (D:6)
  A bullfrog (D:4)
  5 hounds
  A jelly (D:6)
  A sleepcap (D:6)
  5 gnolls
  3 adders
  An ufetubus (D:5)
  A worm (D:3)
  6 dart slugs
  5 orcs
  3 endoplasms
  2 giant cockroaches
  8 goblins
  10 hobgoblins
  6 jackals (D:1)
  A quokka (D:1)
  10 ball pythons
  4 bats
  3 frilled lizards
  6 kobolds
  7 rats
90 creatures vanquished.

Vanquished Creatures (collateral kills)
  2 gnolls (D:6)
2 creatures vanquished.

Grand Total: 92 creatures vanquished

Notes
Turn   | Place    | Note
-------+----------+-------------------------------------------
     0 | D:1      | thromnambular the Kobold Wanderer began the quest for the
                  | Orb.
     0 | D:1      | thromnambular set off with the following items: a +0
                  | dagger, a scroll of fear, a +0 robe, a +0 helmet; and the
                  | following spells available to memorise: Sting, Shock,
                  | Static Discharge, Ignite Poison, Vhi's Electric Charge.
     0 | D:1      | Reached XP level 1. HP: 10/10 MP: 3/3
     2 | D:1      | Learned a level 1 spell: Shock
   198 | D:1      | Found a faded altar of an unknown god.
   203 | D:1      | Prayed at the altar of an unknown god.
   203 | D:1      | Became a worshipper of Makhleb the Destroyer
   203 | D:1      | Reached * piety under Makhleb
   286 | D:1      | Reached XP level 2. HP: 10/16 MP: 0/5
   290 | D:1      | Reached skill level 1 in Stealth
   393 | D:1      | Reached skill level 1 in Short Blades
   504 | D:1      | Reached skill level 1 in Fighting
   681 | D:1      | Reached XP level 3. HP: 20/20 MP: 0/6
   684 | D:1      | Learned a level 2 spell: Static Discharge
   863 | D:1      | Reached skill level 3 in Dodging
  1261 | D:2      | Reached XP level 4. HP: 25/25 MP: 7/7
  1295 | D:2      | Reached ** piety under Makhleb
  1414 | D:2      | Found a runed translucent door.
  1417 | D:2      | Noticed Crazy Yiuf
  1441 | D:2      | Noticed Terence
  1610 | D:1      | Learned a level 1 spell: Sting
  1914 | D:3      | Learned a level 1 spell: Apportation
  2094 | D:3      | Found an iron altar of Okawaru.
  2629 | D:3      | Reached XP level 5. HP: 14/30 MP: 3/8
  3101 | D:4      | Noticed a phantom
  3316 | D:4      | Noticed a phantom
  3369 | D:4      | Noticed a bullfrog
  3378 | D:4      | Killed a bullfrog
  3379 | D:4      | Reached skill level 4 in Dodging
  3379 | D:4      | Reached XP level 6. HP: 30/37 MP: 3/9
  3444 | D:4      | Found Rimougy's Antique Weapon Emporium.
  3593 | D:4      | Learned a level 3 spell: Vhi's Electric Charge
  3980 | D:4      | Reached skill level 1 in Translocations
  4287 | D:5      | Entered Level 5 of the Dungeon
  4746 | D:4      | Bought a steaming dagger for 210 gold pieces
  4746 | D:4      | Identified the +2 dagger of Agony {antimagic, Int+4 Dex+2
                  | Stlth-} (You bought it in a shop on level 4 of the Dungeon)
  5050 | D:6      | Reached XP level 7. HP: 41/41 MP: 3/10
  5068 | D:6      | Noticed a water moccasin
  5089 | D:6      | Killed a water moccasin
  5090 | D:6      | Reached skill level 5 in Dodging
  5273 | D:6      | Noticed a kobold demonologist
  5285 | D:6      | Noticed a kobold demonologist
  5343 | D:6      | Found Luarade's Antique Armour Shoppe.
  5356 | D:6      | Found a staircase to the Ecumenical Temple.
  5363 | Temple   | Entered the Ecumenical Temple
  5526 | D:5      | Reached *** piety under Makhleb
  5737 | D:6      | Gained mutation: Your magical capacity is low. (-10% MP)
                  | [potion of mutation]
  5737 | D:6      | Gained mutation: You have hidden genetic potential. [potion
                  | of mutation]
  5737 | D:6      | Gained mutation: You are partially covered in iridescent
                  | scales. (AC +2) [potion of mutation]
  5739 | D:6      | HP: 1/43 [gnoll/+4 spear (3)]
  5994 | D:6      | HP: 1/43 [gnoll/+0 spear (3)]
  6299 | D:6      | Slain by an orc warrior

Illustrated notes

Levels and vault maps discovered:
D:1:      spicycebolla_green_bress_n_ham_2, layout_rooms,
          dilly_ecumenical_altar_fadedgnrine
D:2:      layout_basic, uniq_terence, uniq_crazy_yiuf_cottage
D:3:      layout_basic, okawaru_altar_gauntlet_db, kennysheep_generic_room_4
D:4:      layout_loops_ring, serial_shops, nicolae_inconvenience_store,
          fountainhead, minmay_misc_feat_more_columns, dreamdust_gnoll_farm
D:5:      layout_cave_pools, minivault_25, chequers_serial_rivers_room_b
D:6:      layout_loops_ring, minmay_temple_entry_statues_fountains,
          serial_shops, shop, dilly_guarded_unrand_morg
Temple:   nicolae_temple_no_exploring_needed

Skill      XL: |  1  2  3  4  5  6  7 |
---------------+----------------------+-----
Stealth        | 1 2 |  2.9
Short Blades   | 1 2 |  2.7
Fighting       | 1 2 3 4 |  4.3
Dodging        | 3 4 5 |  5.4
Translocations | 1 2 |  2.5
Spellcasting   | |  2.1
Transmutations | |  3.0
Air Magic      | |  2.7
Evocations     | |  1.2

Action                     |  1- 3 |  4- 6 |  7- 9 || total
---------------------------+-------+-------+-------++-------
  Melee: Dagger            |    97 |   222 |    65 ||   384
         Punch             |     2 |     2 |       ||     4
  Throw: Throwing net      |       |     1 |       ||     1
   Cast: Shock             |    37 |    45 |       ||    82
         Sting             |       |     2 |     5 ||     7
         Apportation       |       |     2 |       ||     2
         Static Discharge  |       |     1 |       ||     1
         Vhi's Electric Ch |       |       |     1 ||     1
 Invoke: Lesser Servant of |       |       |     1 ||     1
    Use: Scroll            |     9 |     6 |     2 ||    17
         Potion            |       |     4 |     3 ||     7
   Stab: Sleeping          |     6 |    15 |     1 ||    22
         Invisible         |       |       |     2 ||     2
 Armour: Robe              |    26 |    49 |    22 ||    97
  Dodge: Dodged            |    97 |   215 |   132 ||   444
